 Dungeon Crawl Stone Soup version 0.27.1-33-g824d729ab1 (webtiles) character file.

Game seed: 5377049787153136136

413 garbled the Chopper (level 6, -2/41 (57) HPs)
             Began as a Hill Orc Monk on Dec 8, 2021.
             Slain by a wight (5 damage)
             ... on level 7 of the Dungeon.
             The game lasted 00:10:05 (4423 turns).

garbled the Chopper (Hill Orc Monk)                 Turns: 4423, Time: 00:10:06

HP:   -2/41 (57)    AC: 14    Str: 16    XL:     6   Next: 91%
MP:   6/6           EV:  5    Int: 10    God:
Gold: 53            SH:  0    Dex: 13    Spells: 5/5 levels left

rFire    . . .     SeeInvis .   d - +2 hand axe (freeze)
rCold    . . .     Faith    .   (no shield)
rNeg     . . .     Spirit   .   c - +0 plate armour
rPois    .         Reflect  .   (no helmet)
rElec    .         Harm     .   (no cloak)
rCorr    .         Rampage  .   i - +0 pair of gloves
Will     +....                  f - +0 pair of boots
Stlth    ..........             (no amulet)
HPRegen  0.13/turn              (no ring)
MPRegen  0.10/turn              (no ring)

@: very heavily drained
A: strong-willed 1
a: no special abilities


You were on level 7 of the Dungeon.
You visited 1 branch of the dungeon, and saw 5 of its levels.

You collected 143 gold pieces.
You spent 90 gold pieces at shops.

Inventory:

Hand Weapons
 a - a +0 hand axe
 d - a +2 hand axe of freezing (weapon)
Missiles
 g - 34 poisoned darts (quivered)
Armour
 c - a +0 plate armour (worn)
 f - a +0 pair of boots (worn)
 i - a +0 pair of gloves (worn)
Scrolls
 h - a scroll of torment
 j - a scroll of noise
 k - a scroll of teleportation {unknown}
 l - a scroll of amnesia {unknown}
 o - a scroll of acquirement {unknown}
 p - a scroll of magic mapping {unknown}
Potions
 b - a potion of attraction
 e - 2 potions of curing
 m - a potion of lignification


   Skills:
 + Level 5.7 Fighting
 * Level 7.1 Axes
 + Level 3.7 Armour
 - Level 2.4 Dodging
 - Level 1.5 Stealth


You had 5 spell levels left.
You didn't know any spells.
Your spell library contained the following spells:

 Spells                   Type           Power      Damage    Failure   Level
 Blink                    Tloc           N/A        N/A       100%        2
 Conjure Flame            Conj/Fire      0%         6-21      100%        3
 Ignite Poison            Fire/Tmut/Pois 0%         N/A       100%        3
 Lesser Beckoning         Tloc           0%         N/A       100%        3
 Sticky Flame             Conj/Fire      0%         2d3       100%        4
 Manifold Assault         Tloc           0%         N/A       100%        5
 Summon Forest            Summ/Tloc      0%         N/A       100%        5
 Eringya's Noxious Bog    Tmut/Pois      0%         N/A       100%        6
 Summon Hydra             Summ           0%         N/A       100%        7


Dungeon Overview and Level Annotations

Branches:
Dungeon (4/15)
 Temple: D:4-7

Altars:
Makhleb

Shops:
D:3 !


Innate Abilities, Weirdness & Mutations

You are strong-willed. (Will+)


Message History

The wight is severely damaged.
Your plate armour prevents you from hitting the wight.
The wight is severely damaged.
The wight hits you with a +0 mace.
* * * LOW HITPOINT WARNING * * *
You barely miss the wight.
The wight is severely damaged.
The wight hits you but does no damage.
You hit the wight.
The wight is severely damaged.
The wight barely misses you.
You slash the wight!
You destroy the wight!
Your Axes skill increases to level 7!
You barely miss the wight. The wight completely misses you.
You hit the wight.
The wight is moderately damaged.
The wight hits you but does no damage.
You barely miss the wight.
The wight is moderately damaged.
The wight hits you but does no damage.
You hit the wight.
The wight is heavily damaged.
The wight hits you with a +3 mace.
* * * LOW HITPOINT WARNING * * *
You feel drained.
* * * LOW HITPOINT WARNING * * *
You hit the wight but do no damage.
The wight is heavily damaged.
The wight hits you with a +3 mace.
* * * LOW HITPOINT WARNING * * *
You feel drained.
* * * LOW HITPOINT WARNING * * *
You hit the wight.
The wight is severely damaged.
The wight hits you but does no damage.
You barely miss the wight.
The wight is severely damaged.
The wight hits you with a +3 mace.
You die...

..# ...
####.###
#......
#.#z..
#.#z.#
#.#..#######
#@#.........
#z#[##.$.###
# #.#.# .##
#...###...#
#
(.......###
#.###.#.#
#.#.# # #..
#.#


You could see a wight.

Vanquished Creatures
  2 wights (D:7)
  A howler monkey (D:4)
  2 orc priests
  Ijyb (D:3)
  A hound skeleton (D:4)
  6 gnolls
  3 adders
  A worm (D:4)
  2 dart slugs
  16 orcs
  7 bats
  7 endoplasms
  4 giant cockroaches
  3 goblins
  3 hobgoblins
  11 jackals
  9 kobolds
  6 ball pythons
  2 frilled lizards
  5 rats
92 creatures vanquished.

Notes
Turn   | Place    | Note
-------+----------+-------------------------------------------
     0 | D:1      | garbled the Hill Orc Monk began the quest for the Orb.
     0 | D:1      | Reached XP level 1. HP: 19/19 MP: 1/1
   184 | D:1      | Reached XP level 2. HP: 27/27 MP: 2/2
   359 | D:1      | Reached skill level 1 in Armour
   777 | D:1      | Reached XP level 3. HP: 24/33 MP: 3/3
  1017 | D:1      | Found a faded altar of an unknown god.
  1226 | D:2      | Gained mutation: You are strong-willed. (Will+) [potion of
                  | mutation]
  1542 | D:2      | HP: 1/34 [gnoll (7)]
  1565 | D:2      | Reached XP level 4. HP: 16/41 MP: 4/4
  1572 | D:2      | Reached skill level 5 in Axes
  2518 | D:3      | Reached XP level 5. HP: 26/47 MP: 5/5
  2530 | D:3      | Reached skill level 5 in Fighting
  2916 | D:3      | Found Zisumadu's Distillery.
  2934 | D:3      | Bought a potion of attraction for 30 gold pieces
  2934 | D:3      | Bought a potion of degeneration for 10 gold pieces
  2934 | D:3      | Bought a potion of heal wounds for 50 gold pieces
  3298 | D:3      | Noticed Ijyb
  3331 | D:3      | Killed Ijyb
  3651 | D:4      | Reached skill level 6 in Axes
  3665 | D:4      | Reached XP level 6. HP: 52/56 MP: 6/6
  4006 | D:4      | Found a burning altar of Makhleb.
  4089 | D:4      | You fall into a shaft and drop 3 floors!
  4417 | D:7      | Reached skill level 7 in Axes
  4423 | D:7      | Slain by a wight

Illustrated notes

Levels and vault maps discovered:
D:1:      minmay_arrival_four_houses, layout_loops_ring,
          dreamdust_ecumenical_altar_grove, grunt_decor_clamped
D:2:      layout_rooms
D:3:      layout_loops_ring, serial_shops, shop, minmay_misc_feat_five,
          uniq_ijyb
D:4:      layout_loops_corners, bloody_makhleb, chequers_mini_garden,
          hangedman_abyss_or_decor_passed
D:7:      layout_loops_ring, nicolae_ashenzari_panopticon, temple_hall,
          chequers_hall_statues_corner_a, serial_park_tiny_2

Skill      XL: |  1  2  3  4  5  6 |
---------------+-------------------+-----
Fighting       | 4 5 |  5.7
Armour         | 1 2 3 |  3.7
Axes           | 5 6 7 |  7.1
Dodging        | |  2.4
Stealth        | |  1.5

Action                   |  1- 3 |  4- 6 || total
-------------------------+-------+-------++-------
Melee: Hand axe          |   126 |   342 ||   468
  Use: Potion            |     5 |     4 ||     9
       Scroll            |       |     3 ||     3
 Stab: Sleeping          |     1 |       ||     1
Armor: Plate armour      |   112 |   238 ||   350
       Skin              |     8 |       ||     8
Dodge: Dodged            |    29 |    84 ||   113
